 Dungeon Crawl Stone Soup version 0.26-b1-32-g5d43845318 (webtiles) character file.

Game seed: 8551745099958028686

13820 Aviak the Arsonist (level 11, -1/99 HPs)
             Began as a Pale Draconian Fire Elementalist on Jan 13, 2021.
             Was a Priest of Sif Muna.
             Slain by a boulder beetle (27 damage)
             ... on level 2 of the Lair of Beasts.
             The game lasted 00:21:13 (14851 turns).

Aviak the Arsonist (DrFE)                          Turns: 14851, Time: 00:21:13

Health: -1/99      AC: 11    Str: 12    XL:     11   Next: 80%
Magic:  3/23       EV: 12    Int: 17    God:    Sif Muna [***...]
Gold:   203        SH: 12    Dex: 12    Spells: 13/26 levels left

rFire    . . .     SeeInvis .   y - +1 broad axe (drain)
rCold    . . .     Faith    .   e - +2 buckler {AC+3}
rNeg     + . .     Spirit   .   (armour unavailable)
rPois    +         Reflect  +   (helmet restricted)
rElec    .         Harm     .   s - +0 cloak
rCorr    .         Rampage  .   (no gloves)
Will     .....                  (no boots)
Stlth    ++........             k - amulet of reflection
HPRegen  0.26/turn              v - ring of positive energy
MPRegen  0.18/turn              P - ring of poison resistance

@: short of breath, very slightly contaminated
A: breathe steam, unfitting armour, cold-blooded, AC +7
a: Breathe Steam, Renounce Religion, Channel Magic, Forget Spell


You were on level 2 of the Lair of Beasts.
You worshipped Sif Muna.
Sif Muna was most pleased with you.
You visited 3 branches of the dungeon, and saw 13 of its levels.

You collected 719 gold pieces.
You spent 516 gold pieces at shops.

Inventory:

Hand Weapons
 p - a +0 short sword of flaming
 y - a +1 broad axe of draining (weapon)
 G - the +2 whip "Loydwiw" {chaos, +Fly}
   (You found it on level 1 of the Lair of Beasts)

   Each time it hits an enemy it has a different, random effect.
   It lets you fly.
Armour
 e - a +2 buckler of protection (worn)
 s - a +0 cloak (worn)
Jewellery
 k - an amulet of reflection (around neck)
 v - a ring of positive energy (left hand)
 A - an uncursed ring of ice
 P - a ring of poison resistance (right hand)
Wands
 B - a wand of disintegration (16)
 E - a wand of polymorph (12)
 F - a wand of random effects (24)
Scrolls
 a - a scroll of holy word {unknown}
 g - 7 scrolls of enchant weapon
 i - a scroll of identify
 l - a scroll of enchant armour {unknown}
 n - a scroll of amnesia
 o - 2 scrolls of immolation {unknown}
 q - a scroll of summoning {unknown}
 r - 4 scrolls of remove curse
 t - 6 scrolls of teleportation
 x - 3 scrolls of blinking
 H - a scroll of noise {unknown}
Potions
 b - 3 potions of haste
 c - 2 potions of curing
 d - 2 potions of flight
 f - a potion of magic {unknown}
 h - 3 potions of heal wounds
 j - 4 potions of attraction
 m - a potion of degeneration {!q!q}
 u - a potion of lignification {unknown}
 w - 3 potions of invisibility {unknown}
 z - a potion of mutation {unknown}
 D - a potion of brilliance {unknown}
Miscellaneous
 C - a tin of tremorstones (2/2)


   Skills:
 + Level 10.0 Fighting
 - Level 7.0 Axes
 - Level 2.3 Dodging
 - Level 1.7 Stealth
 - Level 4.0 Shields
 + Level 8.0 Spellcasting
 - Level 6.0 Conjurations
 + Level 11.6 Fire Magic


You had 13 spell levels left.
You knew the following spells:

 Your Spells              Type           Power        Failure   Level
a - Foxfire               Conj/Fire      100%         1%          1
b - Conjure Flame         Conj/Fire      37%          1%          3
c - Sticky Flame          Conj/Fire      37%          2%          4
d - Fireball              Conj/Fire      18%          8%          5

Your spell library contained the following spells:

 Spells                   Type           Power        Failure   Level
 Magic Dart               Conj           100%         1%          1
 Inner Flame              Hex/Fire       26%          2%          3
 Freeze                   Ice            24%          11%         1
 Mephitic Cloud           Conj/Pois/Air  13%          14%         3
 Blink                    Tloc           N/A          16%         2
 Call Imp                 Summ           6%           16%         2
 Poisonous Vapours        Pois/Air       12%          16%         2
 Slow                     Hex            6%           16%         2
 Frozen Ramparts          Ice            12%          30%         3
 Ozocubu's Armour         Ice            6%           30%         3
 Hailstorm                Conj/Ice       17%          30%         4
 Summon Ice Beast         Ice/Summ       6%           71%         4
 Freezing Cloud           Conj/Ice/Air   6%           100%        6


Dungeon Overview and Level Annotations

Branches:
Dungeon (10/15)            Temple (1/1) D:4            Lair (2/6) D:9
  Swamp: Lair:2-4    Shoals: Lair:2-4     Snake: Lair:2-4    Spider: Lair:2-4
    Orc: D:9-12

Altars:
Ashenzari
Cheibriados
Dithmenos
Elyvilon
Fedhas
Gozag
Hepliaklqana
Kikubaaqudgha
Makhleb
Nemelex Xobeh
Okawaru
Qazlal
Ru
Sif Muna
Trog
Uskayaw
Vehumet
Wu Jian
Xom
Yredelemnul
Zin
The Shining One

Shops:
D:6 [   D:10 !***


Innate Abilities, Weirdness & Mutations

You can breathe blasts of scalding, opaque steam.
Your pale cyan-grey scales are hard. (AC +7)
You cannot fit into any form of body armour.
You are cold-blooded and may be slowed by cold attacks.


Message History

The boulder beetle is severely wounded.
The boulder beetle burns!
The boulder beetle bites you.
You hit the boulder beetle but do no damage.
The boulder beetle is almost dead.
The boulder beetle burns!
The boulder beetle stops burning.
The boulder beetle bites you!! x2
* * * LOW HITPOINT WARNING * * *
Found 17 gold pieces.
You feel much better.
h - 3 potions of heal wounds;
p - a +0 short sword of flaming The boulder beetle bites you.
* * * LOW HITPOINT WARNING * * *
Press: ? - help, Shift-Dir - straight line, f/p - boulder beetle
Aim: a boulder beetle (almost dead, lightly drained)
You exhale a blast of scalding steam.
The ball of steam hits the boulder beetle but does no damage.
The boulder beetle is almost dead.
The boulder beetle is engulfed in a cloud of scalding steam.
The boulder beetle bites you!!
You die...

.........................
......P..................
.........#...............
...............<.........
............#............
P........P...#...........
#.........§..#.......###.
###......#B#P........##
##
..!......@............#
#.#.......#....#.....#
..#.....#......#......# #
..P...........#....)### #
............#.##...## #
....##.....#....### ....
#.†.......## ...
#.........# P#
#.#.......#


You could see a boulder beetle (drained).

Vanquished Creatures
  A hydra (Lair:1)
  A two-headed ogre (D:10)
  Nergalle (Lair:2)
  A black mamba (Lair:1)
  Psyche (D:10)
  Maggie (D:7)
  Joseph (D:7)
  3 cane toads
  2 komodo dragons (Lair:1)
  2 trolls
  5 blink frogs (Lair:1)
  A wyvern (D:9)
  12 yaks
  2 humans (D:9)
  A basilisk (Lair:2)
  5 water moccasins
  An orc warrior (D:6)
  A sky beast (D:6)
  7 black bears
  2 ice beasts
  A phantom (D:8)
  2 necrophages (D:7)
  5 ogres
  5 wolves (Lair:1)
  5 centaurs
  11 bullfrogs
  2 big kobolds
  A wyvern zombie (D:6)
  5 scorpions
  3 wights (D:10)
  6 killer bees (D:9)
  4 electric eels (D:6)
  A howler monkey (D:5)
  2 bullfrog zombies
  A hound (D:10)
  Crazy Yiuf (D:5)
  2 jellies
  6 orc wizards
  A centaur skeleton (D:4)
  3 orc priests
  An iguana (D:7)
  5 worker ants
  A killer bee zombie (D:10)
  A hound skeleton (D:4)
  A hound zombie (D:8)
  4 gnolls
  A howler monkey zombie (D:7)
  11 adders
  A howler monkey skeleton (D:8)
  A shadow imp (D:7)
  2 white imps
  An ufetubus (D:10)
  2 oozes
  3 worms (D:2)
  A dart slug (D:2)
  10 leopard geckos
  29 orcs
  2 ball pythons
  6 giant cockroaches
  8 goblins
  4 hobgoblins
  2 jackals (D:10)
  17 kobolds
  3 quokkas
  9 bats
  6 frilled lizards
  A leopard gecko skeleton (D:4)
  4 rats
255 creatures vanquished.

Vanquished Creatures (collateral kills)
  4 foxfires
4 creatures vanquished.

Vanquished Creatures (others)
  845 foxfires
  16 fungi
  28 plants
889 creatures vanquished.

Grand Total: 1148 creatures vanquished

Notes
Turn   | Place    | Note
-------+----------+-------------------------------------------
     0 | D:1      | Aviak the Draconian Fire Elementalist began the quest for
                  | the Orb.
     0 | D:1      | Reached XP level 1. HP: 14/14 MP: 3/3
   435 | D:1      | Reached XP level 2. HP: 20/20 MP: 1/5
  1112 | D:2      | Reached XP level 3. HP: 26/26 MP: 3/6
  1463 | D:2      | Found an ancient bone altar of Kikubaaqudgha.
  1664 | D:2      | Found a blossoming altar of Fedhas.
  1882 | D:3      | Reached skill level 1 in Fighting
  1882 | D:3      | Reached XP level 4. HP: 35/35 MP: 2/7
  2289 | D:3      | Reached skill level 4 in Fire Magic
  2614 | D:3      | Learned a level 3 spell: Conjure Flame
  2892 | D:3      | Reached XP level 5. HP: 41/41 MP: 5/8
  3862 | D:3      | Reached XP level 6. HP: 32/51 MP: 4/9
  4306 | D:4      | Reached skill level 5 in Fire Magic
  4582 | D:4      | Found a staircase to the Ecumenical Temple.
  4593 | Temple   | Entered the Ecumenical Temple
  4795 | Temple   | Became a worshipper of Sif Muna the Loreminder
  5098 | D:5      | Entered Level 5 of the Dungeon
  5310 | D:5      | Your scales start taking on a pale cyan-grey colour.
  5310 | D:5      | Reached XP level 7. HP: 58/58 MP: 2/10
  5315 | D:5      | Learned a level 4 spell: Sticky Flame
  5537 | D:5      | Reached skill level 6 in Fire Magic
  6243 | D:5      | Found a runed translucent door.
  6244 | D:5      | Noticed Crazy Yiuf
  6259 | D:5      | Killed Crazy Yiuf
  6440 | D:6      | Reached skill level 5 in Conjurations
  6496 | D:6      | Reached skill level 5 in Fighting
  6814 | D:6      | Reached XP level 8. HP: 64/68 MP: 7/11
  6942 | D:6      | Reached skill level 7 in Fire Magic
  7477 | D:6      | Found Nyroites's Armour Emporium.
  7480 | D:6      | Bought a +2 buckler of protection for 236 gold pieces
  8083 | D:7      | Reached skill level 1 in Shields
  8264 | D:7      | Reached skill level 8 in Fire Magic
  8294 | D:7      | Reached * piety under Sif Muna
  8333 | D:7      | Reached XP level 9. HP: 75/75 MP: 2/14
  8470 | D:7      | Found a glowing silver altar of Zin.
  8584 | D:7      | Noticed Maggie
  8595 | D:7      | Killed Maggie
  8776 | D:7      | Noticed a troll
  8783 | D:7      | Killed a troll
  8981 | D:7      | Noticed Joseph
  8989 | D:7      | Killed Joseph
  8990 | D:7      | Reached skill level 1 in Axes
  8990 | D:7      | Reached skill level 9 in Fire Magic
  9875 | D:8      | Reached skill level 5 in Spellcasting
 10354 | D:9      | Reached XP level 10. HP: 86/86 MP: 8/17
 10382 | D:8      | Reached ** piety under Sif Muna
 10621 | D:9      | Found a staircase to the Lair.
 10986 | D:9      | Found a snail-covered altar of Cheibriados.
 10986 | D:9      | Found an ornate altar of the Wu Jian Council.
 10986 | D:9      | Found a broken altar of Ashenzari.
 10986 | D:9      | Found a radiant altar of Vehumet.
 10993 | D:9      | Found a sparkling altar of Nemelex Xobeh.
 10998 | D:9      | Found a basalt altar of Yredelemnul.
 11095 | D:9      | Found an iron altar of Okawaru.
 11162 | D:9      | Reached skill level 10 in Fire Magic
 11611 | D:10     | Entered Level 10 of the Dungeon
 11876 | D:10     | Noticed a two-headed ogre
 11894 | D:10     | Killed a two-headed ogre
 11895 | D:10     | Reached skill level 5 in Axes
 12270 | D:10     | Found Caleggo's Distillery.
 12278 | D:10     | Bought a potion of haste for 140 gold pieces
 12278 | D:10     | Bought a potion of heal wounds for 70 gold pieces
 12278 | D:10     | Bought a potion of heal wounds for 70 gold pieces
 12283 | D:10     | Found Hulaas Poju's Assorted Antiques.
 12303 | D:10     | Found Lusegasa's Assorted Antiques.
 12473 | D:10     | Noticed Psyche
 12481 | D:10     | Killed Psyche
 12597 | D:10     | Found Hokk's General Store.
 12763 | Lair:1   | Entered Level 1 of the Lair of Beasts
 12777 | Lair:1   | Reached XP level 11. HP: 75/95 MP: 21/21
 12779 | Lair:1   | Reached *** piety under Sif Muna
 13351 | Lair:1   | Reached skill level 11 in Fire Magic
 13522 | Lair:1   | Noticed a five-headed hydra
 13887 | Lair:1   | Got a masterwork whip
 13888 | Lair:1   | Identified the +2 whip "Loydwiw" {chaos, +Fly} (You found
                  | it on level 1 of the Lair of Beasts)
 13996 | Lair:1   | Learned a level 5 spell: Fireball
 14204 | Lair:1   | Killed a five-headed hydra
 14483 | Lair:2   | Noticed Nergalle
 14497 | Lair:2   | Killed Nergalle
 14764 | Lair:2   | Noticed a boulder beetle
 14782 | Lair:2   | Reached skill level 10 in Fighting
 14851 | Lair:2   | Slain by a boulder beetle

Illustrated notes

Levels and vault maps discovered:
D:1:      sevenhm_arrival_forest_fort_small_6, layout_loops_ring
D:2:      layout_basic, grunt_temple_overflow_growth_and_decay
D:3:      layout_basic
D:4:      layout_rooms, temple_statues
D:5:      layout_layer_cave, uniq_crazy_yiuf_cottage
D:6:      layout_gridville, serial_shops, kennysheep_mini_moat,
          chequers_big_river, grunt_decor_clamped
D:7:      layout_rooms, basic_altar, minmay_crossroads, uniq_maggie, uniq_joseph
D:8:      layout_loops_cross
D:9:      layout_cross, minmay_overflow_temple_hex, due_lair_maze_entry_diamond,
          okawaru_humans
D:10:     layout_cave_pods, serial_shops, shop, shop, shop, shop,
          minmay_misc_feat_doors, uniq_psyche
Temple:   eino_temple_water
Lair:1:   layout_gridlike, chequers_serial_rivers_micro_e, st_stairs_8
Lair:2:   layout_layer_cave, uniq_nergalle, uniq_erica

Skill      XL: |  1  2  3  4  5  6  7  8  9 10 11 |
---------------+----------------------------------+-----
Dodging        | 2 |  2.3
Conjurations   | 2 3 4 5 6 |  6.0
Fighting       | 1 3 5 6 7 8 10 | 10.0
Fire Magic     | 4 5 6 8 9 10 11 | 11.6
Shields        | 2 4 |  4.0
Spellcasting   | 3 5 6 8 |  8.0
Axes           | 3 5 7 |  7.0
Stealth        | |  1.7

Action                   |  1- 3 |  4- 6 |  7- 9 | 10-12 || total
-------------------------+-------+-------+-------+-------++-------
Melee: Unarmed           |    12 |       |       |       ||    12
       Tailslap          |     2 |     7 |     5 |     8 ||    22
       Short sword       |    18 |    96 |    41 |       ||   155
       Broad axe         |       |       |    33 |   123 ||   156
 Cast: Foxfire           |    66 |   141 |   186 |   122 ||   515
       Sticky Flame      |       |       |     5 |    24 ||    29
       Conjure Flame     |       |       |       |     1 ||     1
       Fireball          |       |       |       |     2 ||     2
 Abil: Breathe Steam     |       |       |    17 |    29 ||    46
  Use: Potion            |       |     3 |       |     1 ||     4
       Scroll            |       |     7 |       |     3 ||    10
 Stab: Sleeping          |     1 |       |       |       ||     1
Armor: Skin              |    22 |    45 |    21 |    52 ||   140
Dodge: Dodged            |    38 |   100 |    48 |   126 ||   312
Block: Other             |     8 |    41 |     8 |       ||    57
       Reflection        |       |     1 |     5 |     4 ||    10
       Buckler           |       |       |    57 |   156 ||   213
